 Dungeon Crawl Stone Soup version 0.30.0-18-gc0e69614cb (webtiles) character file.

Game seed: 9030289029382898342

35228 safid the Gelid (level 13, -2/154 HPs)
             Began as a Merfolk Ice Elementalist on May 22, 2023.
             Was an Elder of Vehumet.
             Slain by an orc warlord
             ... wielding a +0 dire flail
              (19 damage)
             ... on level 1 of the Orcish Mines on May 24, 2023.
             The game lasted 01:04:03 (20968 turns).

safid the Gelid (Merfolk Ice Elementalist)         Turns: 20968, Time: 01:04:04

Health: -2/154     AC: 26    Str: 10    XL:     13   Next: 82%
Magic:  0/25       EV:  2    Int: 22    God:    Vehumet [****..]
Gold:   2371       SH:  0    Dex: 17    Spells: 15/28 levels left

rFire   . . .        R - +6 shortbow of the Baleful God {freeze, rN++}
rCold   . . .        (shield currently unavailable)
rNeg    + + .        a - melded +0 robe
rPois   +            w - melded +2 hat
rElec   .            c - melded +0 cloak
rCorr   +            (gloves currently unavailable)
SInv    .            N - melded +0 pair of boots
Will    +....        F - amulet "Nirchas" {Spirit rPois Dex+3 Stlth+}
Stlth   +++          m - ring of willpower
HPRegen 0.45/turn    H - ring of the Raven {Fly rCorr Int+4}
MPRegen 0.19/turn

%: guardian spirit
@: tree-form (expiring), freezing walls
A: stationary, stasis, torment immunity, boosted hp, (nimble swimmer 2),
(mertail)
a: Renounce Religion


You were on level 1 of the Orcish Mines.
You worshipped Vehumet.
Vehumet was greatly pleased with you.
You were a tree.
You visited 4 branches of the dungeon, and saw 18 of its levels.
You also visited: Ossuary and Bailey.

You collected 2371 gold pieces.

Inventory:

Hand Weapons
 i - the +1 spear "Giant's Undoing" {speed, MP+9 Str+3}
   (You found it on level 2 of the Dungeon)

   Str:       It affects your strength (+3).
   MP:        It affects your magic capacity (+9).
 R - the +6 shortbow of the Baleful God (weapon) {freeze, rN++}
   (You found it on level 1 of the Lair of Beasts)

   rN:        It greatly protects you from negative energy.
Missiles
 E - 8 curare-tipped darts
Armour
 a - a +0 robe (melded)
 c - a +0 cloak (melded)
 w - a +2 hat (melded)
 N - a +0 pair of boots (melded)
Jewellery
 m - a ring of willpower (left branch)
 s - a +6 ring of intelligence
 F - the amulet "Nirchas" (around neck) {Spirit rPois Dex+3 Stlth+}
   (You acquired it on level 5 of the Dungeon)

   [amulet of guardian spirit]

   It causes incoming damage to be divided between your reserves of health and
   magic.
   Dex:       It affects your dexterity (+3).
   rPois:     It protects you from poison.
   Stlth:     It makes you more stealthy.
 H - the ring of the Raven (right branch) {Fly rCorr Int+4}
   (You took it off a crimson imp on level 7 of the Dungeon)

   [ring of resist corrosion]

   Int:       It affects your intelligence (+4).
   Fly:       It grants you flight.
   rCorr:     It protects you from acid and corrosion.
Wands
 f - a wand of roots (5)
 k - a wand of digging (6)
 u - a wand of polymorph (6)
 K - a wand of mindburst (4)
 O - a wand of flame (13)
 P - a wand of charming (6)
Scrolls
 e - 2 scrolls of fog
 h - a scroll of fear {unknown}
 q - 3 scrolls of magic mapping
 r - a scroll of identify
 t - a scroll of blinking
 y - 5 scrolls of amnesia
 C - 4 scrolls of immolation {unknown}
 D - 4 scrolls of brand weapon
 I - 2 scrolls of enchant armour
 J - a scroll of summoning {unknown}
 L - 4 scrolls of torment {unknown}
 M - 2 scrolls of enchant weapon
 T - a scroll of silence {unknown}
Potions
 b - a potion of berserk rage {unknown}
 g - a potion of invisibility {unknown}
 j - 4 potions of resistance
 l - a potion of lignification
 o - 4 potions of curing
 v - 4 potions of mutation {unknown}
 z - a potion of might {unknown}
 A - a potion of degeneration {unknown}
 B - 7 potions of brilliance
 G - a potion of cancellation
 Q - 2 potions of flight {unknown}
Miscellaneous
 d - a lightning rod (4/4)


   Skills:
 - Level 10.0 Fighting
 - Level 2.6 Dodging
 - Level 2.1 Stealth
 - Level 8.0 Spellcasting
 + Level 20.5 Ice Magic
 - Level 6.0 Evocations


You had 15 spell levels left.
You knew the following spells:

 Your Spells              Type           Power      Damage    Failure   Level
a - Freeze                Ice            100%       1d10      0%          1
b - Frozen Ramparts       Ice            100%       1d16      0%          3
c - Ozocubu's Armour      Ice            78%        N/A       0%          3
d - Ignite Poison         Fire/Tmut/Pois 8%         N/A       6%          3
e - Hailstorm             Conj/Ice       52%        3d12      1%          3

Your spell library contained the following spells:

 Spells                   Type           Power      Damage    Failure   Level
 Volatile Blastmotes      Fire/Tloc      16%        2d11      6%          3
 Ice Form                 Ice/Tmut       52%        N/A       1%          4
 Summon Ice Beast         Ice/Summ       52%        N/A       1%          4
 Foxfire                  Conj/Fire      32%        2x1d5     2%          1
 Shock                    Conj/Air       32%        1d5       2%          1
 Scorch                   Fire           16%        2d6       3%          2
 Dazzling Flash           Conj/Hex       16%        N/A       6%          3
 Beastly Appendage        Tmut           16%        N/A       8%          1
 Lesser Beckoning         Tloc           16%        N/A       11%         2
 Wereblood                Tmut           8%         N/A       11%         2
 Flame Wave               Conj/Fire      8%         2d5       19%         4
 Gell's Gravitas          Tloc           8%         N/A       22%         3
 Spider Form              Tmut/Pois      8%         N/A       22%         3
 Teleport Other           Tloc           8%         N/A       22%         3
 Fireball                 Conj/Fire      4%         3d4       45%         5
 Agony                    Necr           8%         N/A       90%         5
 Silence                  Hex/Air        4%         N/A       90%         5
 Plasma Beam              Fire/Air       4%         2x1d15    93%         6
 Starburst                Conj/Fire      4%         6d3       93%         6
 Summon Cactus Giant      Summ           4%         N/A       100%        6


Dungeon Overview and Level Annotations

Branches:
Dungeon (12/15)            Temple (1/1) D:6            Lair (4/5) D:9
  Swamp (0/4) Lair:2       Spider (0/4) Lair:2          Orc (1/2) D:12
Ossuary (visited)          Bailey (visited)
  Slime: Lair:4-5

Altars:
Ashenzari
Cheibriados
Dithmenos
Elyvilon
Fedhas
Gozag
Hepliaklqana
Kikubaaqudgha
Makhleb
Nemelex Xobeh
Okawaru
Qazlal
Ru
Sif Muna
Trog
Uskayaw
Vehumet
Wu Jian
Xom
Yredelemnul
Zin
The Shining One

Shops:
D:6 (=*(

Annotations:
Lair:1 exclusion: oklob plant
Lair:3 Urug


Innate Abilities, Weirdness & Mutations

You are a tree.
Your roots penetrate the ground, keeping you stationary.
You cannot be teleported.
You are immune to unholy pain and torment.
Your maximum health is greatly increased.
Your equipment is partially melded.
((You are very nimble when in or above water. (Stealth+, EV+, Speed+++)))
((Your lower body shifts to a powerful aquatic tail in water.))


Message History

Okay, then.
You are confused.
You feel invigorated.
The wall freezes the orc warlord.
The orc warlord hits you with a +0 dire flail!
* * * LOW HITPOINT WARNING * * *
Unknown command.
You feel better.
You feel less invigorated.
The wall freezes the orc warlord but does no damage.
The orc warlord hits you with a +0 dire flail.
Unknown command.
Aiming: Polymorph
Press: ? - help, Shift-Dir - straight line, f/p - orc warlord
Aim: an orc warlord, wielding a +0 dire flail and wearing a +4 chain mail of poison resistance (heavily wounded, will become a moth of wrath, a shadow dragon, or a yellow draconian, chance to affect: 29%)
Okay, then.
Unknown command.
Unknown command.
Unknown command.
Unknown command.
Aiming: Mindburst
Press: ? - help, Shift-Dir - straight line, f/p - orc warlord
Aim: an orc warlord, wielding a +0 dire flail and wearing a +4 chain mail of poison resistance (heavily wounded, chance to affect: 53%)
The orc warlord's mind is blasted!!
The frozen ramparts melt away.
The orc warlord hits you with a +0 dire flail!
* * * LOW HITPOINT WARNING * * *
Unknown command.
Unknown command.
Casting: Freeze (safe; 0% risk of failure)
Confirm with . or Enter, or press ? or * to list all spells.
Casting: Frozen Ramparts (safe; 0% risk of failure)
Press: ? - help, Dir - look around, f - activate The walls around you are covered in ice.
The wall freezes the orc warlord but does no damage.
The orc warlord hits you with a +0 dire flail!
* * * LOW HITPOINT WARNING * * *
Unknown command.
Unknown command.
You feel better.
The wall freezes the orc warlord but does no damage.
The orc warlord hits you with a +0 dire flail!!
You die...

...#...................#
.......................#
......................##
......................#
................#....##
.)..................##
............#........#
...............#....##
...#.........).)♣..##
..#....$o......o)###
.#............))#.#
###................#
...............## #
.........### #
.$.......# ........##
..o...###


You could see an orc warlord.

Vanquished Creatures
  An orc warlord (D:12)
  2 vault guards (Bailey)
  A catoblepas (Lair:2)
  5 two-headed ogres
  A boulder beetle (D:12)
  3 death yaks (D:9)
  An orc high priest (Orc:1)
  Sonja (Lair:3)
  A skyshark (Lair:2)
  Lodul (D:11)
  An orb spider (Lair:2)
  2 ugly things
  An orc knight (D:12)
  2 cyclopes
  2 black mambas
  7 cane toads
  2 unseen horrors
  An efreet (D:12)
  6 komodo dragons
  2 trolls
  Prince Ribbit (Bailey)
  10 blink frogs
  A hornet (D:8)
  A wraith (D:10)
  23 yaks
  5 wyverns
  A steam dragon (D:8)
  5 humans (Bailey)
  A basilisk (Lair:3)
  6 vampire mosquitoes
  A warg (D:12)
  3 acid dragons
  7 water moccasins
  5 ice beasts
  14 orc warriors
  10 ogres
  A black bear (Lair:1)
  6 wolves
  3 centaurs
  2 phantoms
  3 kobold brigands
  27 bullfrogs
  A gnoll sergeant (D:8)
  2 water moccasin zombies (Ossuary)
  4 scorpions
  5 wights (D:9)
  5 killer bees (D:9)
  3 electric eels (Lair:2)
  A howler monkey (D:4)
  4 crimson imps (D:7)
  2 gnoll boudas
  17 orc priests
  4 hounds
  A sleepcap (D:7)
  3 iguanas
  17 orc wizards
  A hell rat (D:9)
  2 mummies (Ossuary)
  Robin (D:2)
  18 gnolls
  4 adders
  3 white imps
  4 adder zombies (Ossuary)
  3 worms
  5 dart slugs
  62 orcs
  7 endoplasms
  A giant cockroach (D:2)
  3 gnoll zombies (Ossuary)
  10 goblins
  8 hobgoblins
  9 jackals
  14 kobolds
  3 quokkas
  6 ball pythons
  4 bats
  4 frilled lizards
  2 hobgoblin zombies (Ossuary)
  3 kobold zombies (Ossuary)
  6 orc zombies (Ossuary)
  7 rats
  A spectral orc (D:8)
  2 butterflies (Lair:2)
441 creatures vanquished.

Vanquished Creatures (others)
  An orc wizard (D:4)
1 creature vanquished.

Grand Total: 442 creatures vanquished

Notes
Turn   | Place    | Note
-------+----------+-------------------------------------------
     0 | D:1      | safid the Merfolk Ice Elementalist began the quest for the
                  | Orb.
     0 | D:1      | Reached XP level 1. HP: 13/13 MP: 3/3
   112 | D:1      | Reached XP level 2. HP: 19/20 MP: 3/5
   258 | D:1      | Reached skill level 1 in Fighting
   462 | D:1      | Reached XP level 3. HP: 19/26 MP: 6/6
   845 | D:1      | Learned a level 3 spell: Frozen Ramparts
   849 | D:1      | Learned a level 3 spell: Ozocubu's Armour
   919 | D:2      | Identified the +1 spear "Giant's Undoing" {speed, MP+9
                  | Str+3}
   993 | D:2      | Noticed Robin
  1011 | D:2      | Killed Robin
  1012 | D:2      | Reached skill level 5 in Ice Magic
  1012 | D:2      | Reached XP level 4. HP: 30/33 MP: 8/8
  2179 | D:3      | Noticed an ogre
  2196 | D:3      | Killed an ogre
  2197 | D:3      | Reached XP level 5. HP: 14/41 MP: 8/10
  2703 | D:4      | Found a hide-covered altar of Uskayaw.
  2743 | D:4      | Reached XP level 6. HP: 43/47 MP: 11/11
  2887 | D:4      | Reached skill level 6 in Ice Magic
  2933 | D:4      | Upgraded the game from 0.30.0-17-ge0270778cf to
                  | 0.30.0-18-gc0e69614cb
  3260 | D:4      | Reached XP level 7. HP: 52/54 MP: 13/13
  3690 | D:4      | Found a glowing golden altar of the Shining One.
  3992 | D:5      | Entered Level 5 of the Dungeon
  4266 | D:5      | Reached skill level 5 in Fighting
  4335 | D:5      | Reached skill level 5 in Spellcasting
  4335 | D:5      | Reached skill level 7 in Ice Magic
  4335 | D:5      | Reached XP level 8. HP: 62/62 MP: 15/15
  4531 | D:5      | Found a sand-covered staircase.
  4538 | Ossuary  | Entered an ossuary
  5350 | D:6      | Found Kunout's Antique Weapon Boutique.
  5364 | D:5      | Identified 2 scrolls of acquirement
  5364 | D:5      | Acquired the amulet "Nirchas" {Spirit rPois Dex+3 Stlth+}
  5372 | D:5      | Acquired 854 gold pieces
  5437 | D:6      | Reached skill level 8 in Ice Magic
  5623 | D:6      | Found a staircase to the Ecumenical Temple.
  5632 | Temple   | Entered the Ecumenical Temple
  5874 | D:6      | Found Tiulystre's Jewellery Emporium.
  5888 | D:6      | Found Cimnit's Assorted Antiques.
  6074 | D:6      | Reached XP level 9. HP: 70/71 MP: 18/18
  6257 | D:6      | Found Xics's Antique Weapon Emporium.
  6542 | D:7      | Found a shimmering altar of Xom.
  6727 | D:7      | Identified the ring of the Raven {Fly rCorr Int+4}
  6732 | D:7      | Identified the +1 robe "Heefeohe" {Harm Fly Slay+3}
  6805 | D:7      | Found a radiant altar of Vehumet.
  6811 | D:7      | Became a worshipper of Vehumet
  6980 | D:7      | Found a shimmering blue altar of Sif Muna.
  7185 | D:7      | Reached skill level 9 in Ice Magic
  7381 | D:7      | Got Sif Muna's Commentary on Vapour
  7444 | D:8      | Found a flagged portal.
  7449 | Bailey   | Entered a bailey
  7610 | Bailey   | Reached XP level 10. HP: 81/82 MP: 21/21
  7662 | Bailey   | Noticed a vault guard
  7671 | Bailey   | Noticed Prince Ribbit
  7671 | Bailey   | Noticed a vault guard
  7685 | Bailey   | Killed Prince Ribbit
  7686 | Bailey   | Reached skill level 10 in Ice Magic
  7689 | Bailey   | Killed a vault guard
  7823 | Bailey   | Killed a vault guard
  7994 | Bailey   | Reached * piety under Vehumet
  7994 | Bailey   | Offered knowledge of Foxfire by Vehumet.
  8009 | Bailey   | Reached skill level 10 in Fighting
  8009 | Bailey   | Reached skill level 11 in Ice Magic
  8522 | D:8      | Reached skill level 12 in Ice Magic
  8800 | D:8      | Found a basalt altar of Yredelemnul.
  9451 | D:9      | Reached XP level 11. HP: 89/90 MP: 23/23
  9484 | D:9      | Noticed a two-headed ogre
  9585 | D:9      | Killed a two-headed ogre
  9586 | D:9      | Reached skill level 13 in Ice Magic
  9614 | D:9      | Offered knowledge of Poisonous Vapours by Vehumet.
  9626 | D:9      | Reached ** piety under Vehumet
  9634 | D:9      | Noticed a two-headed ogre
  9887 | D:9      | Noticed a death yak
  9892 | D:9      | Noticed a death yak
  9900 | D:9      | Noticed a death yak
 10110 | D:9      | Killed a two-headed ogre
 10320 | D:9      | Killed a death yak
 10321 | D:9      | Reached skill level 14 in Ice Magic
 10322 | D:9      | Killed a death yak
 10329 | D:9      | Killed a death yak
 10515 | D:9      | Found a staircase to the Lair.
 10873 | D:10     | Entered Level 10 of the Dungeon
 10978 | D:10     | Reached skill level 15 in Ice Magic
 11324 | D:10     | Noticed a two-headed ogre
 11337 | D:10     | Killed a two-headed ogre
 11510 | Lair:1   | Entered Level 1 of the Lair of Beasts
 11529 | Lair:1   | Reached skill level 16 in Ice Magic
 11529 | Lair:1   | Reached XP level 12. HP: 84/97 MP: 22/24
 11588 | Lair:1   | Identified the +6 shortbow of the Baleful God {freeze,
                  | rN++}
 11968 | Lair:1   | Offered knowledge of Ignite Poison by Vehumet.
 12255 | Lair:1   | Reached skill level 17 in Ice Magic
 12545 | Lair:1   | Reached *** piety under Vehumet
 12550 | Lair:1   | Learned a level 3 spell: Ignite Poison
 12898 | Lair:2   | Noticed a skyshark
 12917 | Lair:2   | Killed a skyshark
 13062 | Lair:2   | Reached skill level 1 in Evocations
 13099 | Lair:2   | Noticed a catoblepas
 13128 | Lair:2   | Killed a catoblepas
 13354 | Lair:2   | Found a hole to the Spider Nest.
 14007 | Lair:2   | Reached skill level 18 in Ice Magic
 14022 | Lair:2   | Offered knowledge of Hailstorm by Vehumet.
 14083 | Lair:2   | Learned a level 3 spell: Hailstorm
 14136 | Lair:2   | Found a staircase to the Swamp.
 14883 | Lair:3   | Noticed Sonja
 14892 | Lair:3   | Killed Sonja
 14907 | Lair:3   | Reached XP level 13. HP: 88/103 MP: 25/25
 14984 | Lair:3   | Reached skill level 5 in Evocations
 15224 | Lair:3   | Noticed Urug
 17103 | D:11     | Reached **** piety under Vehumet
 17104 | D:11     | Reached skill level 19 in Ice Magic
 17642 | D:11     | Offered knowledge of Volatile Blastmotes by Vehumet.
 17670 | D:11     | Noticed Lodul
 18034 | D:11     | Killed Lodul
 18749 | D:12     | Found a staircase to the Orcish Mines.
 19612 | D:12     | Reached skill level 20 in Ice Magic
 19954 | Orc:1    | Entered Level 1 of the Orcish Mines
 19956 | Orc:1    | Noticed an orc warlord
 19980 | D:12     | Killed an orc warlord
 20937 | Orc:1    | Noticed an orc warlord
 20968 | Orc:1    | Slain by an orc warlord

Illustrated notes

Levels and vault maps discovered:
D:1:      co_arrival_square_in_a_square_in_a_square, layout_loops_ring
D:2:      layout_basic, uniq_robin
D:3:      layout_loops_corners, serial_bayou, serial_bayou_shore_b,
          serial_bayou_ford_a, serial_bayou_pond_c, serial_bayou_shore_b,
          amcnicky_mini_rare_corridor_liquid, serial_bayou_pond_a,
          amethyst_killhole, wad_floor_pattern_untrapped, feat_on_display
D:4:      layout_basic, eat_drink_and_be_merry_uskayaw, tso_altar
D:5:      layout_cave_pods, nicolae_ossuary_entry_monument, grunt_ministairs_13,
          kennysheep_generic_room_13
D:6:      layout_basic, minmay_temple_entry_trees, serial_corexii_hall,
          corexii_hall_statues_u, chequers_hall_statues_wall_a,
          chequers_hall_statues_y, chequers_hall_statues_y, serial_shops, shop,
          nicolae_stop_n_shop_2, nicolae_shop_tiny_real_fake_doors,
          nicolae_shop_hallway_plus, st_stairs_12
D:7:      layout_rooms, led_xom_imps, nicolae_vehumet_altar_sigil, led_sif_book,
          minmay_curled_crystal
D:8:      minmay_weird_star, layout_basic, yredelemnul_forgotten_temple_becter,
          enter_bailey_2, minmay_misc_feat_doors, item_on_display_a
D:9:      layout_cave_pools, dpeg_lair_monsters,
          hangedman_abyss_or_decor_jellyfish_corner, st_stairs_8,
          nicolae_eternal_life
D:10:     layout_rooms
D:11:     layout_cave_pools, minmay_checkerbox, uniq_lodul
D:12:     layout_basic, orc_0_dummy
Temple:   kb_temple_of_zot
Lair:1:   layout_gridlike
Lair:2:   layout_regular_city, minmay_swamp_entry_eels,
          nicolae_spider_entry_orb_guardian, lemuel_fruit_fields,
          infiniplex_staircase_pool
Lair:3:   layout_gridlike, nicolae_quartered_pool_little, grunt_megastairs_3,
          infiniplex_staircase_pool_2, uniq_urug, uniq_sonja
Lair:4:   layout_long_grid, minmay_slime_entry_pillars, gammafunk_ghost_hive,
          pdpol_lair_neglected_garden, serial_bayou_shore_a
Orc:1:    nicolae_orc_accident_2, layout_caves, basic_altar

Skill      XL: |  1  2  3  4  5  6  7  8  9 10 11 12 13 |
---------------+----------------------------------------+-----
Fighting       | 1 2 3 4 5 6 8 10 | 10.0
Ice Magic      | 5 6 7 8 9 12 16 18 20 | 20.5
Spellcasting   | 3 4 5 6 7 8 |  8.0
Evocations     | 4 6 |  6.0
Dodging        | |  2.6
Stealth        | |  2.1

Action                     |  1- 3 |  4- 6 |  7- 9 | 10-12 | 13-15 || total
---------------------------+-------+-------+-------+-------+-------++-------
  Melee: Dagger            |    47 |       |       |       |       ||    47
         Punch             |     2 |     1 |     6 |     9 |     5 ||    23
         Spear             |     9 |   156 |   490 |   640 |   213 ||  1508
   Fire: Arbalest          |       |       |       |     1 |       ||     1
         Shortbow          |       |       |       |       |    92 ||    92
  Throw: Dart              |       |       |       |       |     2 ||     2
   Cast: Freeze            |     8 |    13 |    26 |    79 |    59 ||   185
         Frozen Ramparts   |     2 |     8 |    39 |    74 |    50 ||   173
         Ozocubu's Armour  |       |     5 |    28 |    45 |    33 ||   111
         Hailstorm         |       |       |       |       |     4 ||     4
  Evoke: Lightning rod     |       |       |       |     1 |       ||     1
         Wand              |       |       |       |       |     1 ||     1
    Use: Scroll            |       |       |     9 |    13 |     2 ||    24
         Potion            |       |       |       |     7 |    20 ||    27
   Stab: Sleeping          |     4 |     4 |     4 |     6 |     1 ||    19
         Petrified         |       |       |       |     2 |       ||     2
 Armour: Robe              |    11 |    20 |    77 |   132 |   107 ||   347
         Skin              |       |       |       |       |    16 ||    16
  Dodge: Dodged            |    24 |    56 |   237 |   425 |   197 ||   939
